 Dungeon Crawl Stone Soup version 0.23-a0-395-gcf17ac6c65 (webtiles) character file.

1195 PikkenKukken the Magician (level 8, 0/57 (58) HPs)
             Began as a Gnoll Wizard on Nov 1, 2018.
             Was a Follower of Ashenzari.
             Slain by a necrophage (5 damage)
             ... on level 6 of the Dungeon.
             The game lasted 00:22:55 (7624 turns).

PikkenKukken the Magician (Gnoll Wizard)            Turns: 7624, Time: 00:22:55

HP:   0/57 (58)     AC:  4    Str:  7 (10) XL:     8   Next: 44%
MP:   1/19          EV: 14    Int: 21 (23) God:    Ashenzari [*.....]
Gold: 369           SH:  0    Dex: 12 (13) Spells: 6/22 levels left

rFire    + . .     SeeInvis .   j - +1 spear
rCold    . . .     Gourm    .   (no shield)
rNeg     . . .     Faith    .   a - +0 robe
rPois    .         Spirit   .   p - +1 helmet
rElec    .         Reflect  .   (no cloak)
rCorr    .         Harm     .   (no gloves)
MR       .....                  (no boots)
Stlth    +++.......             (no amulet)
HPRegen  0.19/turn              (no ring)
MPRegen  0.16/turn              (no ring)

@: drained
A: distributed training, fangs 1, fire resistance 1, subdued magic 1, strong
nose
a: Curse Item, Scrying, Renounce Religion


You were on level 6 of the Dungeon.
You worshipped Ashenzari.
Ashenzari was aware of your devotion.
You were near starving.

You visited 2 branches of the dungeon, and saw 7 of its levels.

You collected 369 gold pieces.

Inventory:

Hand Weapons
 f - a +0 club
 j - a +1 spear (weapon)
Armour
 a - a +0 robe (worn)
 b - a +1 hat
 p - a +1 helmet (worn)
Jewellery
 n - an uncursed amulet of faith
 s - an uncursed ring of positive energy
Wands
 t - a wand of acid (10)
Scrolls
 c - 5 scrolls of identify
 e - a scroll of amnesia
 o - 4 scrolls of remove curse
 r - a scroll of enchant weapon
 u - a scroll of blinking {unknown}
Potions
 g - 2 potions of might {unknown}
 i - 2 potions of curing
 l - a potion of magic
 m - a potion of haste
 q - 2 potions of resistance
Comestibles
 d - 6 rations


   Skills:
 + Level 3.2(3.1) Fighting
 + Level 3.2(3.1) Short Blades
 + Level 3.2(3.1) Long Blades
 + Level 3.2(3.1) Axes
 + Level 3.2(3.1) Maces & Flails
 + Level 3.2(3.1) Polearms
 + Level 3.2(3.1) Staves
 + Level 3.2(3.1) Slings
 + Level 3.2(3.1) Bows
 + Level 3.2(3.1) Crossbows
 + Level 3.2(3.1) Throwing
 + Level 3.2(3.1) Armour
 + Level 5.6 Dodging
 + Level 5.3 Stealth
 + Level 3.2(3.1) Shields
 + Level 3.2(3.1) Unarmed Combat
 + Level 7.9(7.8) Spellcasting
 + Level 3.4 Conjurations
 + Level 2.6(2.5) Hexes
 + Level 2.6(2.5) Charms
 + Level 3.4 Summonings
 + Level 2.6(2.5) Necromancy
 + Level 3.4 Translocations
 + Level 2.6(2.5) Transmutations
 + Level 2.6(2.5) Fire Magic
 + Level 2.6(2.5) Ice Magic
 + Level 2.6(2.5) Air Magic
 + Level 2.6(2.5) Earth Magic
 + Level 2.6(2.5) Poison Magic
 + Level 3.5 Invocations
 + Level 3.2(3.1) Evocations


You had 6 spell levels left.
You knew the following spells:

 Your Spells              Type           Power        Failure   Level  Hunger
a - Magic Dart            Conj           ###.         1%          1    None
b - Call Imp              Summ           ###.....     2%          2    None
c - Blink                 Tloc           N/A          2%          2    None
d - Conjure Flame         Conj/Fire      ###.....     5%          3    None
e - Mephitic Cloud        Conj/Pois/Air  ###.....     6%          3    None
f - Swiftness             Chrm/Air       ##......     3%          2    None
g - Static Discharge      Conj/Air       ###.....     5%          3    None

Your spell library contained the following spells:

 Spells                   Type           Power        Failure   Level  Hunger
 Shock                    Conj/Air       ###.         1%          1    None
 Slow                     Hex            ##......     3%          2    None
 Airstrike                Air            ##........   24%         4    ###....
 Lightning Bolt           Conj/Air       ###.......   50%         5    #####..


Dungeon Overview and Level Annotations

Branches:
Dungeon (6/15)             Temple (1/1) D:4

Altars:
Ashenzari
Dithmenos
Fedhas
Gozag
Makhleb
Nemelex Xobeh
Okawaru
Qazlal
Sif Muna
Trog
Vehumet
Wu Jian
Yredelemnul
Zin
The Shining One


Innate Abilities, Weirdness & Mutations

Your experience applies equally to all skills.
You have very sharp teeth.
Your uncanny sense of smell can sniff out nearby items.
Your flesh is heat resistant. (rF+)
Your spells are a little easier to cast, but a little less powerful.


Message History

Aiming: Magic Dart (safe; 1% risk of failure)
Press: ? - help, Shift-Dir - straight line, f/p - necrophage
Aim: a necrophage (severely damaged)
The magic dart hits the necrophage.
The necrophage is severely damaged.
Your crimson imp blinks!
Casting: Magic Dart (safe; 1% risk of failure)
Confirm with . or Enter, or press ? or * to list all spells.
You don't have enough magic to cast that spell.
Casting: Magic Dart (safe; 1% risk of failure)
Confirm with . or Enter, or press ? or * to list all spells.
Aiming: Magic Dart (safe; 1% risk of failure)
Press: ? - help, Shift-Dir - straight line, f/p - necrophage
Aim: a necrophage (severely damaged)
The magic dart hits the necrophage.
The necrophage is almost destroyed.
You hit the necrophage.
The necrophage is almost destroyed.
The necrophage hits you.
You die...

#.# # # ##'## ### #.
##...## #.. #.# ##
##.....## #.. #.....
##.......## #.. # ...#.
#.........####.. #..
... +.........'.....
#...#.##.........####..
#....@n#.......## #..
##.#.#.##.....## #..
...#.###...## #..
#.###.# ##+## ### #.
..# # ###


You could see a necrophage.

Vanquished Creatures
  2 ogres (D:4)
  A phantom (D:5)
  2 centaurs
  2 bullfrogs (D:6)
  A water moccasin zombie (D:6)
  A wight (D:5)
  A bullfrog zombie (D:6)
  2 crimson imps
  2 hounds (D:4)
  An orc priest (D:4)
  4 worker ants (D:4)
  Robin (D:2)
  4 gnolls
  A howler monkey skeleton (D:4)
  7 adders
  2 oozes
  4 worms
  A dart slug (D:3)
  6 leopard geckos
  10 orcs
  2 ball pythons (D:2)
  4 giant cockroaches
  21 goblins
  11 hobgoblins
  6 jackals
  10 kobolds
  2 quokkas (D:5)
  A ball python skeleton (D:4)
  11 bats
  6 frilled lizards
  A leopard gecko zombie (D:6)
  9 rats
139 creatures vanquished.

Vanquished Creatures (collateral kills)
  A crimson imp (D:5)
1 creature vanquished.

Grand Total: 140 creatures vanquished

Notes
Turn   | Place    | Note
-------+----------+-------------------------------------------
     0 | D:1      | PikkenKukken the Gnoll Wizard began the quest for the Orb.
     0 | D:1      | Reached XP level 1. HP: 13/13 MP: 8/8
    98 | D:1      | Reached XP level 2. HP: 4/19 MP: 0/10
   420 | D:1      | Learned a level 2 spell: Call Imp
   423 | D:1      | Learned a level 2 spell: Blink
   785 | D:1      | Reached XP level 3. HP: 25/25 MP: 0/11
   952 | D:1      | Learned a level 3 spell: Conjure Flame
   956 | D:1      | Learned a level 3 spell: Mephitic Cloud
  1201 | D:2      | Reached skill level 1 in Invocations
  1225 | D:2      | Found an ornate altar of the Wu Jian Council.
  1248 | D:2      | Reached skill level 1 in Fighting
  1248 | D:2      | Reached skill level 1 in Short Blades
  1248 | D:2      | Reached skill level 1 in Long Blades
  1248 | D:2      | Reached skill level 1 in Axes
  1248 | D:2      | Reached skill level 1 in Maces & Flails
  1248 | D:2      | Reached skill level 1 in Polearms
  1248 | D:2      | Reached skill level 1 in Staves
  1248 | D:2      | Reached skill level 1 in Slings
  1248 | D:2      | Reached skill level 1 in Bows
  1248 | D:2      | Reached skill level 1 in Crossbows
  1248 | D:2      | Reached skill level 1 in Throwing
  1248 | D:2      | Reached skill level 1 in Armour
  1248 | D:2      | Reached skill level 1 in Shields
  1248 | D:2      | Reached skill level 1 in Unarmed Combat
  1248 | D:2      | Reached skill level 1 in Evocations
  1282 | D:2      | Reached XP level 4. HP: 32/32 MP: 2/13
  1637 | D:2      | Noticed Robin
  1822 | D:2      | Killed Robin
  1822 | D:2      | Reached skill level 1 in Hexes
  1822 | D:2      | Reached skill level 1 in Charms
  1822 | D:2      | Reached skill level 1 in Necromancy
  1822 | D:2      | Reached skill level 1 in Transmutations
  1822 | D:2      | Reached skill level 1 in Fire Magic
  1822 | D:2      | Reached skill level 1 in Ice Magic
  1822 | D:2      | Reached skill level 1 in Air Magic
  1822 | D:2      | Reached skill level 1 in Earth Magic
  1822 | D:2      | Reached skill level 1 in Poison Magic
  2021 | D:2      | Found an iron altar of Okawaru.
  2128 | D:2      | Reached XP level 5. HP: 37/37 MP: 12/14
  3942 | D:4      | Reached XP level 6. HP: 44/44 MP: 13/16
  4109 | D:4      | Found a staircase to the Ecumenical Temple.
  4288 | D:4      | Reached skill level 5 in Dodging
  4457 | Temple   | Entered the Ecumenical Temple
  4466 | Temple   | Became a worshipper of Ashenzari the Shackled
  4716 | D:4      | Reached XP level 7. HP: 33/50 MP: 9/18
  5180 | D:4      | Found a stormy altar of Qazlal.
  5279 | D:4      | Found an opulent altar of Gozag.
  5388 | D:4      | Found a shattered altar of Ashenzari.
  5642 | D:5      | Entered Level 5 of the Dungeon
  5784 | D:5      | Reached skill level 5 in Stealth
  6590 | D:5      | Learned a level 2 spell: Swiftness
  6594 | D:5      | Learned a level 3 spell: Static Discharge
  6799 | D:6      | Found a glowing golden altar of the Shining One.
  6857 | D:6      | Reached XP level 8. HP: 57/57 MP: 5/19
  7197 | D:5      | Gained mutation: Your spells are a little easier to cast,
                  | but a little less powerful. [potion of mutation]
  7197 | D:5      | Gained mutation: Your flesh is heat resistant. (rF+)
                  | [potion of mutation]
  7598 | D:6      | Reached * piety under Ashenzari
  7624 | D:6      | Slain by a necrophage

Vault maps used:
D:1:      dpeg_arrival_arbitrary_c
D:2:      overflow_temple_1_default, okawaru_ov_weapons_minmay, uniq_robin
D:4:      marbit_many_paths, lemuel_doored_altar,
          minmay_temple_entry_steel_oval, first_ration, ashenzari_altar_1
D:6:      nicolae_tso_swordbearing_angel, gammafunk_ghost_necromancy
Temple:   cyrus_circular_temple

Skill      XL: |  1  2  3  4  5  6  7  8 |
---------------+-------------------------+-----
Conjurations   | 2 3 |  3.4
Summonings     | 2 3 |  3.4
Translocations | 2 3 |  3.4
Invocations    | 1 2 3 |  3.5
Fighting       | 1 2 3 |  3.2
Short Blades   | 1 2 3 |  3.2
Long Blades    | 1 2 3 |  3.2
Axes           | 1 2 3 |  3.2
Maces & Flails | 1 2 3 |  3.2
Polearms       | 1 2 3 |  3.2
Staves         | 1 2 3 |  3.2
Slings         | 1 2 3 |  3.2
Bows           | 1 2 3 |  3.2
Crossbows      | 1 2 3 |  3.2
Throwing       | 1 2 3 |  3.2
Armour         | 1 2 3 |  3.2
Shields        | 1 2 3 |  3.2
Unarmed Combat | 1 2 3 |  3.2
Evocations     | 1 2 3 |  3.2
Hexes          | 1 2 |  2.6
Charms         | 1 2 |  2.6
Necromancy     | 1 2 |  2.6
Transmutations | 1 2 |  2.6
Fire Magic     | 1 2 |  2.6
Ice Magic      | 1 2 |  2.6
Air Magic      | 1 2 |  2.6
Earth Magic    | 1 2 |  2.6
Poison Magic   | 1 2 |  2.6
Dodging        | 5 |  5.6
Stealth        | 5 |  5.3
Spellcasting   | |  7.9

Action                   |  1- 3 |  4- 6 |  7- 9 || total
-------------------------+-------+-------+-------++-------
Melee: Unarmed           |     7 |       |       ||     7
       Spear             |    21 |   148 |   184 ||   353
       Bite              |       |     7 |     9 ||    16
 Cast: Magic Dart        |    72 |   135 |   104 ||   311
       Call Imp          |     1 |       |     7 ||     8
       Conjure Flame     |     2 |    12 |    14 ||    28
       Mephitic Cloud    |       |    16 |     3 ||    19
       Static Discharge  |       |       |     3 ||     3
       Blink             |       |       |     4 ||     4
  Use: Scroll            |       |     9 |     2 ||    11
       Potion            |       |       |     7 ||     7
 Stab: Confused          |       |     6 |     1 ||     7
       Sleeping          |       |     1 |       ||     1
       Invisible         |       |       |     2 ||     2
  Eat: Chunk             |     1 |    11 |     7 ||    19
Armor: Robe              |     5 |     7 |    22 ||    34
Dodge: Dodged            |    17 |    51 |    92 ||   160

Table legend:
 A = Non-vault XP
 B = Vault XP
 C = Vault XP percentage of total XP
 D = Non-vault monster count
 E = Vault monster count
 F = Vault count percentage of total count
                 A         B        C        D         E       F
            +---------+---------+-------+---------+---------+-------
      Total |    1553 |     155 |   9.1 |     126 |      14 |  10.0
            +---------+---------+-------+---------+---------+-------
        D:1 |      55 |       0 |   0.0 |      29 |       0 |   0.0
        D:2 |     101 |      39 |  27.9 |      31 |      13 |  29.5
        D:3 |      72 |       0 |   0.0 |      21 |       0 |   0.0
        D:4 |     494 |     116 |  19.0 |      26 |       1 |   3.7
        D:5 |     370 |       0 |   0.0 |      11 |       0 |   0.0
        D:6 |     461 |       0 |   0.0 |       8 |       0 |   0.0
            +---------+---------+-------+---------+---------+-------
